 Dungeon Crawl Stone Soup version 0.13-a0-2301-g23820b6 (webtiles) character file.

1957 Kae the Cleaver (level 8, -19/66 HPs)
             Began as a Hill Orc Fighter on July 8, 2013.
             Was a Believer of Okawaru.
             Demolished by Erolcha
             ... wielding a +0,+0 giant club
              (24 damage)
             ... on Level 8 of the Dungeon.
             The game lasted 00:10:59 (7047 turns).

Kae the Cleaver (Hill Orc Fighter)                  Turns: 7047, Time: 00:11:00

HP -19/66        AC 16     Str 21      XL: 8   Next: 86%
MP   6/7         EV  4     Int  8      God: Okawaru [**....]
Gold 416         SH 25     Dex 16      Spells:  0 memorised,  7 levels left

Res.Fire  : . . .   See Invis. : .   a - +0,+1 orc hand axe {=f}
Res.Cold  : . . .   Warding    : .   t - +1 plate armour
Life Prot.: . . .   Conserve   : .   c - +0 orc shield
Res.Poison: .       Res.Corr.  : .   E - +0 helmet
Res.Elec. : .       Clarity    : .   (no cloak)
Sust.Abil.: . .     Spirit.Shd : .   (no gloves)
Res.Mut.  : .       Stasis     : .   (no boots)
Res.Rott. : .       Flight     : .   (no amulet)
Saprovore : + . .                    p - +6 ring of dexterity
                                     C - ring of flight

@: heroism, slightly resistant to hostile enchantments, extremely unstealthy
A: saprovore 1
a: Heroism, Renounce Religion, Evoke Flight


You were on level 8 of the Dungeon.
You worshipped Okawaru.
Okawaru was most pleased with you.
You were not hungry.

You visited 2 branches of the dungeon, and saw 9 of its levels.

You collected 396 gold pieces.

Inventory:

Hand weapons
 a - a +0,+1 orcish hand axe (weapon) {=f}
Armour
 b - a +0 orcish scale mail
 c - a +0 orcish shield (worn)
 t - a +1 plate armour (worn)
 E - a +0 helmet (worn)
Magical devices
 m - a wand of confusion (12) {unknown}
 z - a wand of fire (2) {unknown}
 F - a wand of enslavement (11) {unknown}
 K - a wand of draining (5) {unknown}
 N - a wand of slowing (14)
Comestibles
 d - a meat ration
 o - 4 bread rations
 u - a lychee
 v - a snozzcumber
 A - 3 pears
 G - 2 apricots
 H - 3 apples
 I - an orange
 R - a slice of pizza
 S - a chunk of orc flesh
Scrolls
 i - 3 scrolls of remove curse {unknown}
 k - 2 scrolls of teleportation
 l - 6 scrolls of identify
 r - a scroll of enchant armour
 J - a scroll of enchant weapon I {unknown}
 O - a scroll of amnesia {unknown}
Jewellery
 h - an uncursed ring of wizardry
 p - a +6 ring of dexterity (right hand)
 y - an uncursed ring of sustain abilities
 B - an uncursed ring of wizardry
 C - a ring of flight (left hand)
 U - an uncursed ring of teleport control {unknown}
 V - a cursed ring of teleportation {unknown}
 W - an uncursed amulet of rage {unknown}
Potions
 e - 3 potions of might {unknown}
 f - 5 potions of curing
 g - 3 potions of paralysis {unknown}
 j - 3 potions of heal wounds {unknown}
 n - 3 potions of magic
 q - a potion of restore abilities {unknown}
 s - a potion of beneficial mutation {unknown}
 w - 3 potions of confusion {unknown}
 x - 4 potions of slowing {unknown}
 D - 3 potions of poison {unknown}
 L - a potion of brilliance {unknown}
 M - a potion of invisibility {unknown}
 Q - a potion of resistance {unknown}
 T - a potion of agility {unknown}
Books
 P - a book of Wizardry

   Spells                             Type                      Level
   Summon Elemental                   Summoning                    4
   Agony                              Necromancy                   5
   Lightning Bolt                     Conjuration/Air              5
   Fireball                           Conjuration/Fire             5
   Haste                              Charms                       6
   Invisibility                       Hexes                        6


   Skills:
 - Level 3.7(8.7) Fighting
 + Level 13.4(18.4) Axes
 - Level 3.5(8.5) Armour
 - Level 3.4(8.4) Shields


You had 7 spell levels left.
You didn't know any spells.

Dungeon Overview and Level Annotations

Branches:
Dungeon (8/27)             Temple (1/1) D:4
    Orc: D:6-11        Lair: D:8-13

Altars:
Cheibriados
Elyvilon
Fedhas
Makhleb
Nemelex Xobeh
Okawaru
Sif Muna
Trog
Vehumet
Xom

Annotations
D:5 1 exclusion
D:8 Erolcha


Innate Abilities, Weirdness & Mutations

You can tolerate rotten meat.


Message History

You are too injured to fight recklessly!
You are too injured to fight recklessly!
Drink which item? (? for menu, Esc to quit)
You feel better.
You hit Erolcha.
Erolcha is moderately wounded.
Erolcha barely misses you.
You hit Erolcha.
Erolcha is heavily wounded.
Erolcha barely misses you.
Drink which item? (? for menu, Esc to quit)
You feel better. Erolcha hits you with a giant club!
* * * LOW HITPOINT WARNING * * *
Your shield and plate armour prevent you from hitting Erolcha.
Erolcha is heavily wounded.
Drink which item? (? for menu, Esc to quit)
You feel better. Erolcha hits you with a giant club!
* * * LOW HITPOINT WARNING * * *
Erolcha hits you with a giant club!
You die...

..................
...................#
..................>#
..................>#
..................>#
........ ..........#
...................#
................O..#
................@..#
...................#
..................##
.......[.........##
........(.......##
...............##
....|.........##
.............##
............##


You could see Erolcha.

Vanquished Creatures
  A necrophage (D:5)
  3 phantoms
  2 sky beasts
  A centaur (D:7)
  2 giant frogs (D:7)
  3 wights (D:7)
  A goliath beetle (D:6)
  2 scorpions
  2 hounds
  2 orc priests (D:4)
  4 worker ants
  3 iguanas
  An orc wizard (D:5)
  Ijyb (D:4)
  2 gnolls
  4 adders
  2 worms
  An iguana zombie (D:6)
  A giant eyeball (D:6)
  4 giant geckos
  2 oozes
  26 orcs
  8 giant cockroaches
  10 goblins
  19 hobgoblins
  11 kobolds
  3 quokkas
  A ball python (D:1)
  9 bats
  7 giant newts
  10 jackals
  A jackal skeleton (D:4)
  A kobold skeleton (D:6)
  11 rats
161 creatures vanquished.

Vanquished Creatures (others)
  A worker ant (D:6)
  A goblin (D:3)
  A hobgoblin (D:5)
  2 kobolds
  2 rats
7 creatures vanquished.

Grand Total: 168 creatures vanquished

Notes
Turn   | Place    | Note
--------------------------------------------------------------
     0 | D:1      | Kae, the Hill Orc Fighter, began the quest for the Orb.
     0 | D:1      | Reached XP level 1. HP: 19/19 MP: 0/0
    93 | D:1      | Reached XP level 2. HP: 21/26 MP: 1/1
   322 | D:1      | Reached skill level 4 in Axes
   322 | D:1      | Reached XP level 3. HP: 33/33 MP: 2/2
  1215 | D:2      | Reached XP level 4. HP: 33/39 MP: 3/3
  1309 | D:2      | Reached skill level 5 in Axes
  1559 | D:2      | Noticed an agate snail
  2234 | D:3      | Reached skill level 6 in Axes
  2417 | D:4      | Noticed Ijyb
  2429 | D:4      | Killed Ijyb
  2429 | D:4      | Reached XP level 5. HP: 42/46 MP: 4/4
  2699 | D:4      | Reached skill level 7 in Axes
  2720 | D:4      | Reached XP level 6. HP: 29/52 MP: 5/5
  2927 | D:4      | Noticed a phantom
  2967 | D:4      | Killed a phantom
  2967 | D:4      | Reached skill level 8 in Axes
  3353 | D:4      | Found a staircase to the Ecumenical Temple.
  3383 | D:4      | Reached skill level 9 in Axes
  3389 | Temple   | Entered the Ecumenical Temple
  3397 | Temple   | Became a worshipper of Warmaster Okawaru
  3510 | D:5      | Entered Level 5 of the Dungeon
  3625 | D:5      | Reached XP level 7. HP: 34/59 MP: 6/6
  3722 | D:5      | Acquired Okawaru's first power
  3722 | D:5      | Reached skill level 10 in Axes
  4250 | D:5      | Reached skill level 11 in Axes
  4475 | D:6      | Paralysed by a giant eyeball for 2 turns
  4552 | D:6      | Found a shimmering altar of Xom.
  4945 | D:6      | Reached XP level 8. HP: 29/66 MP: 7/7
  5268 | D:6      | Found a deep blue altar of Sif Muna.
  5275 | D:6      | Found a bloodstained altar of Trog.
  5296 | D:6      | Found a blossoming altar of Fedhas.
  5715 | D:7      | Reached skill level 12 in Axes
  6428 | D:7      | Reached skill level 13 in Axes
  6890 | D:8      | Found a snail-covered altar of Cheibriados.
  7027 | D:8      | Noticed Erolcha
  7047 | D:8      | Demolished by Erolcha

Action                   |  1- 3 |  4- 6 |  7- 9 || total
-------------------------+-------+-------+-------++-------
Melee: Hand axe          |   110 |   272 |   316 ||   698
Invok: Heroism           |       |       |     2 ||     2
  Use: Scroll            |     1 |     8 |     3 ||    12
       Potion            |       |     1 |     4 ||     5
